 Dungeon Crawl Stone Soup version 0.31-a0-1059-g83d41fd8b6 (webtiles) character file.

Game seed: 10359746906916578754

1303 Gumption the Shooter (level 8, 0/45 HPs)
             Began as a Kobold Hexslinger on Nov 21, 2023.
             Was a Believer of Nemelex Xobeh.
             Slain by a gnoll
             ... wielding a +0 halberd
             ... led by a gnoll bouda
              (7 damage)
             ... on level 5 of the Dungeon on Nov 22, 2023.
             The game lasted 01:14:07 (5731 turns).

Gumption the Shooter (Kobold Hexslinger)            Turns: 5731, Time: 01:14:07

Health: 0/45       AC:  4    Str:  5    XL:     8   Next: 87%
Magic:  11/13      EV: 21    Int: 16    God:    Nemelex Xobeh [**....]
Gold:   355        SH:  0    Dex: 18    Spells: 8/14 levels left

rFire   . . .        a - +1 sling
rCold   . . .        (no shield)
rNeg    . . .        q - +0 troll leather armour {Pargi}
rPois   .            (no helmet)
rElec   .            (no cloak)
rCorr   .            n - +0 pair of gloves
SInv    .            (no boots)
Will    .....        u - amulet of the acrobat
Stlth   ++           m - ring of flight
HPRegen 1.07/turn    s - +5 ring of evasion
MPRegen 0.13/turn

%: acrobat
@: weak-willed, weakened, flying
A: small, no large weapons, nightstalker 3
a: Renounce Religion, Draw Escape, Draw Destruction, Draw Summoning


You were on level 5 of the Dungeon.
You worshipped Nemelex Xobeh.
Nemelex Xobeh was pleased with you.
You visited 2 branches of the dungeon, and saw 6 of its levels.
You also visited: Sewer.

You collected 355 gold pieces.

Inventory:

Hand Weapons
 a - a +1 sling (weapon)
 b - the +1 spear "Orpheresch" {spect, *Rage rElec rPois Str+3}
   (You found it in a sewer)

   Str+3:     It affects your strength (+3).
   rElec:     It insulates you from electricity.
   rPois:     It protects you from poison *Rage: It berserks you when you make
   melee attacks (+20% chance).
 k - a +0 hand axe of electrocution
 w - a +2 dagger of draining
Missiles
 c - 4 poisoned darts
Armour
 n - a +0 pair of gloves (worn)
 q - a +0 troll leather armour (worn) {Pargi}
Jewellery
 l - an amulet of reflection
 m - a ring of flight (left hand)
 s - a +5 ring of evasion (right hand)
 u - an amulet of the acrobat (around neck)
Wands
 e - a wand of polymorph (4)
 v - a wand of iceblast (6)
Scrolls
 g - a scroll of vulnerability
 h - 3 scrolls of enchant armour
 i - 2 scrolls of teleportation
 j - a scroll of noise {unknown}
 o - a scroll of fog {unknown}
 p - a scroll of immolation {unknown}
 r - a scroll of fear {unknown}
 t - a scroll of enchant weapon {unknown}
 x - a scroll of amnesia {unknown}
Potions
 d - 4 potions of heal wounds
 f - a potion of curing


   Skills:
 + Level 2.8 Fighting
 * Level 7.9 Ranged Weapons
 + Level 5.3 Dodging
 + Level 3.9 Spellcasting
 - Level 3.2 Hexes
 * Level 5.2 Necromancy
 - Level 1.0 Fire Magic


You had 8 spell levels left.
You knew the following spells:

 Your Spells              Type           Power      Damage    Failure   Level
a - Jinxbite              Hex            26%        N/A       11%         2
b - Necrotise             Necr           80%        1d8       3%          1
c - Vampiric Draining     Necr           20%        2d7       10%         3

Your spell library contained the following spells:

 Spells                   Type           Power      Damage    Failure   Level
 Sigil of Binding         Hex            13%        N/A       22%         3
 Sandblast                Erth           6%         2d5       28%         1
 Shock                    Conj/Air       12%        1d3       28%         1
 Summon Small Mammal      Summ           12%        N/A       28%         1
 Inner Flame              Hex/Fire       10%        N/A       34%         3
 Passwall                 Tmut/Erth      2%         N/A       41%         2
 Summon Guardian Golem    Hex/Summ       8%         N/A       41%         3
 Cause Fear               Hex            6%         N/A       58%         4
 Call Canine Familiar     Summ           3%         N/A       65%         3
 Stone Arrow              Conj/Erth      6%         3d7       65%         3
 Swiftness                Air            3%         N/A       65%         3
 Agony                    Necr           20%        N/A       65%         5
 Dimensional Bullseye     Hex/Tloc       4%         N/A       82%         4
 Airstrike                Air            1%         2d(1-17)  96%         4
 Brom's Barrelling Bould  Conj/Erth      3%         2d3       96%         4


Dungeon Overview and Level Annotations

Branches:
Dungeon (5/15)             Temple (1/1) D:5           Sewer (visited)

Altars:
Ashenzari
Dithmenos
Hepliaklqana
Kikubaaqudgha
Nemelex Xobeh
Okawaru
Trog
Vehumet
Zin
The Shining One

Annotations:
D:2 1 runed translucent door, Crazy Yiuf
D:4 Dowan, Grinder
D:5 exclusion: gnoll


Innate Abilities, Weirdness & Mutations

You are small and have problems with some larger weapons.
You are completely attuned to the shadows.


Message History

You shoot a sling bullet.
The sling bullet closely misses the gnoll bouda.
The gnoll bouda prays to its god.
The gnoll bouda is healed somewhat.
The gnoll misses you.
The gnoll hits you from afar with a +0 halberd of distortion.
Space warps horribly around you!!
Ouch! That really hurt!
* * * LOW HITPOINT WARNING * * *
Unknown command.
The gnoll is no longer moving quickly.
The gnoll bouda gazes fiercely through you!
You feel as though you will be weak longer.
The gnoll bouda attacks as it pursues you!
The gnoll bouda misses you. The gnoll attacks as it pursues you!
The gnoll completely misses you.
The gnoll bouda attacks as it pursues you!
The gnoll bouda hits you with a +0 club.
* * * LOW HITPOINT WARNING * * *
The gnoll bouda attacks as it pursues you!
The gnoll bouda completely misses you.
You draw a card...
You have drawn Vitriol.
Press: ? - help, Shift-Dir - straight line, f - gnoll, p - gnoll bouda
Aim: a gnoll, wielding a +0 halberd of distortion The glob of acid hits the gnoll bouda!!
The acid corrodes the gnoll bouda!
You kill the gnoll bouda!
You draw a card...
You have drawn Pain.
Press: ? - help, Shift-Dir - straight line, f/p - gnoll
Aim: a gnoll, wielding a +0 halberd of distortion The gnoll convulses!
The gnoll hits you from afar with a +0 halberd.
* * * LOW HITPOINT WARNING * * *
The gnoll completely misses you. The gnoll attacks as it pursues you!
The gnoll closely misses you.
You draw a card...
You have drawn the Rangers.
The deck of cards glows with a rainbow of weird colours and disappears.
The gnoll hits you from afar with a +0 halberd!
You die...
Your body glows slightly and disappears.

.....#
#.......#..#...#......
.....#
#.......+..#...#......
.....#
#.......#..#...#......
.....#
#.......#..#####......
######
#####'#######.)#.....#
#...>.........#.....#
#.............#.....#
#..c..g.......#.....#
#.N.@.g.......#.....#
##.c###...###'#.....#
#..###...#......#+##
#........#......'...
#........#......#.(.
#..##..###......####
#####..#####'#......
#....#....#......
#....#....#......


You could see 2 gnolls, a friendly naga sharpshooter (summoned) and 2 friendly
centaur warriors.

Vanquished Creatures
  A water moccasin (D:5)
  Pargi (Sewer)
  2 ice beasts (D:5)
  A black bear (D:5)
  An ogre (D:5)
  2 phantoms
  Blork the orc (D:4)
  2 scorpions
  A hound (D:5)
  A gnoll bouda (D:5)
  3 iguanas (D:4)
  3 orc wizards
  4 gnolls
  5 adders
  A worm (D:2)
  5 dart slugs
  14 orcs
  9 ball pythons
  5 bats
  8 endoplasms
  7 giant cockroaches
  10 goblins
  11 hobgoblins
  5 jackals
  2 quokkas
  3 kobolds
  10 rats
118 creatures vanquished.

Notes
Turn   | Place    | Note
-------+----------+-------------------------------------------
     0 | D:1      | Gumption the Kobold Hexslinger began the quest for the Orb.
     0 | D:1      | Reached XP level 1. HP: 12/12 MP: 2/2
   159 | D:1      | Reached skill level 3 in Ranged Weapons
   200 | D:1      | Reached XP level 2. HP: 16/16 MP: 3/3
   416 | D:1      | Learned a level 2 spell: Jinxbite
   585 | D:1      | Reached XP level 3. HP: 20/20 MP: 2/5
   955 | D:1      | Learned a level 1 spell: Necrotise
  1140 | D:2      | Reached XP level 4. HP: 25/25 MP: 6/6
  1239 | D:2      | Reached skill level 4 in Ranged Weapons
  1270 | D:2      | Reached skill level 1 in Necromancy
  1866 | D:2      | Found a runed translucent door.
  1869 | D:2      | Noticed Crazy Yiuf
  2107 | D:3      | Found a glowing drain.
  2125 | Sewer    | Entered a sewer
  2152 | Sewer    | Noticed Pargi
  2187 | Sewer    | Killed Pargi
  2188 | Sewer    | Reached XP level 5. HP: 6/29 MP: 4/8
  2216 | Sewer    | Identified the +1 spear "Orpheresch" {spect, *Rage rElec
                  | rPois Str+3}
  2575 | D:3      | Reached XP level 6. HP: 34/34 MP: 9/9
  2940 | D:4      | Found a sparkling altar of Nemelex Xobeh.
  2949 | D:4      | Became a worshipper of Nemelex Xobeh the Trickster
  2964 | D:4      | Reached skill level 5 in Ranged Weapons
  3168 | D:4      | Reached XP level 7. HP: 10/38 MP: 5/11
  3172 | D:4      | Noticed Blork the orc
  3197 | D:4      | Killed Blork the orc
  3198 | D:4      | Reached skill level 6 in Ranged Weapons
  3544 | D:4      | Learned a level 3 spell: Vampiric Draining
  3655 | D:4      | Noticed Grinder
  3688 | D:4      | Reached * piety under Nemelex Xobeh
  3966 | D:4      | Noticed Dowan
  4019 | D:4      | Received a gift from Nemelex Xobeh
  4262 | D:5      | Entered Level 5 of the Dungeon
  4686 | D:5      | Found a staircase to the Ecumenical Temple.
  4738 | Temple   | Entered the Ecumenical Temple
  4763 | D:5      | Reached XP level 8. HP: 43/43 MP: 12/12
  5128 | D:5      | Reached skill level 7 in Ranged Weapons
  5195 | D:5      | Reached ** piety under Nemelex Xobeh
  5203 | D:5      | Reached skill level 5 in Dodging
  5337 | D:5      | Reached skill level 5 in Necromancy
  5731 | D:5      | Slain by a gnoll

Illustrated notes

Levels and vault maps discovered:
D:1:      dpeg_arrival_rooms_with_view, layout_basic
D:2:      layout_loops_ring, minmay_close_crescents, uniq_crazy_yiuf_cottage
D:3:      layout_rooms, portal_sewer_entry_a, serial_bayou_crossing
D:4:      layout_layer_cave, lemuel_crystal_altar, uniq_duvessa, uniq_grinder,
          uniq_blork_the_orc
D:5:      layout_gridville, minmay_temple_entry_crystal_x
Temple:   nicolae_temple_figure_zero

Skill      XL: |  1  2  3  4  5  6  7  8 |
---------------+-------------------------+-----
Ranged Weapons | 3 4 5 6 7 |  7.9
Dodging        | 3 4 5 |  5.3
Necromancy     | 2 3 4 5 |  5.2
Spellcasting   | 2 3 |  3.9
Fighting       | 2 |  2.8
Hexes          | |  3.2
Fire Magic     | |  1.0

Action                     |  1- 3 |  4- 6 |  7- 9 || total
---------------------------+-------+-------+-------++-------
  Melee: Spear             |       |       |    18 ||    18
   Fire: Sling             |    67 |   155 |   159 ||   381
  Throw: Dart              |       |     3 |     2 ||     5
   Cast: Jinxbite          |     8 |    13 |     9 ||    30
         Necrotise         |       |    19 |    14 ||    33
 Invoke: Draw Destruction  |       |       |     4 ||     4
         Draw Summoning    |       |       |     1 ||     1
    Use: Scroll            |       |     3 |     4 ||     7
         Potion            |       |     1 |       ||     1
 Armour: Robe              |    10 |     3 |       ||    13
         Leather armour    |       |    53 |       ||    53
         Troll leather arm |       |    39 |    62 ||   101
  Dodge: Dodged            |    29 |   126 |   122 ||   277
  Block: Other             |       |    35 |    18 ||    53
         Reflection        |       |     3 |       ||     3

Table legend: (Time is in decaauts)
 A = Elapsed time spent in this place.
 B = Non-inter-level travel time spent in this place.
 C = Inter-level travel time spent in this place.
 D = Time resting spent in this place.
 E = Time spent auto-exploring this place.
 F = Levels seen in this place.
 G = Mean time per level.
                   A        B        C        D        E       F      G
               +--------+--------+--------+--------+--------+-----+--------+
         Total |   5834 |   5731 |    103 |    917 |   1496 |   7 |  833.4 |
       Dungeon |   5580 |   5477 |    103 |    861 |   1496 |   5 | 1116.0 |
        Temple |     17 |     17 |      0 |      0 |      0 |   1 |   17.0 |
         Sewer |    235 |    235 |      0 |     56 |      0 |   1 |  235.0 |
               +--------+--------+--------+--------+--------+-----+--------+

Top non-repeatable levels by time:
     D:5: 1477 daAuts
     D:4: 1332 daAuts
     D:1: 1017 daAuts
     D:2: 976 daAuts
     D:3: 776 daAuts
   Sewer: 235 daAuts
  Temple: 17 daAuts
